 Seeded DCSS version 0.29.1-15-g9cfb28693d (webtiles) character file.

Game seed: 8801078753918749808 (custom seed)

81 valliere the Sneak (level 4, 0/28 HPs)
             Began as an Octopode Fire Elementalist on Feb 26, 2023.
             Succumbed to an adder's poison
             ... on level 3 of the Dungeon.
             The game lasted 00:06:31 (2658 turns).

valliere the Sneak (Octopode Fire Elementalist)     Turns: 2658, Time: 00:06:32

Health: 0/28       AC:  1    Str:  7    XL:     4   Next: 40%
Magic:  3/8        EV: 13    Int: 19    God:
Gold:   63         SH:  0    Dex: 12    Spells: 5/8 levels left

rFire   . . .      SeeInvis .   r - +1 dagger (elec)
rCold   . . .      Faith    .   (no shield)
rNeg    . . .      Spirit   .   (helmet restricted)
rPois   .          Reflect  .   p - amulet of the acrobat
rElec   .          Harm     .   o - ring of flight
rCorr   .          Rampage  .   (no ring)
Will    .....                   (no ring)
Stlth   ++++......              (no ring)
HPRegen 0.09/turn               (no ring)
MPRegen 0.11/turn               (no ring)
                                (no ring)
                                (no ring)

@: lethally poisoned (0 -> -6), flying, very slightly contaminated
A: almost no armour, amphibious, 8 rings, camouflage 1, gelatinous body 1,
nimble swimmer 1, tentacles
a: no special abilities


You were on level 3 of the Dungeon.
You visited 1 branch of the dungeon, and saw 3 of its levels.

You collected 63 gold pieces.

Inventory:

Hand Weapons
 r - a +1 dagger of electrocution (weapon)
Jewellery
 o - a ring of flight (left tentacle)
 p - an amulet of the acrobat (around mantle)
 s - an amulet of faith
Scrolls
 b - 2 scrolls of identify
 d - 2 scrolls of silence
 e - a scroll of blinking
 g - 2 scrolls of fear {unknown}
 j - 3 scrolls of teleportation
 k - a scroll of enchant armour {unknown}
 m - a scroll of amnesia {unknown}
 q - a scroll of poison {unknown}
Potions
 a - a potion of magic
 c - 2 potions of flight {unknown}
 f - 2 potions of might {unknown}
 h - a potion of haste {unknown}
 i - 3 potions of invisibility {unknown}
 l - 2 potions of heal wounds {unknown}
 n - a potion of cancellation {unknown}
 t - a potion of curing {unknown}


   Skills:
 + Level 1.1 Fighting
 + Level 2.4 Dodging
 + Level 3.4 Stealth
 * Level 2.9 Spellcasting
 + Level 1.6 Conjurations
 + Level 3.2 Fire Magic


You had 5 spell levels left.
You knew the following spells:

 Your Spells              Type           Power      Damage    Failure   Level
a - Foxfire               Conj/Fire      48%        2x1d6     5%          1
b - Scorch                Fire           30%        2d6       6%          2

Your spell library contained the following spells:

 Spells                   Type           Power      Damage    Failure   Level
 Conjure Flame            Conj/Fire      12%        6-21      17%         3
 Inner Flame              Hex/Fire       9%         N/A       24%         3
 Flame Wave               Conj/Fire      12%        2d6       50%         4
 Chain Lightning          Conj/Air       2%         3d3       100%        9
 Fire Storm               Conj/Fire      6%         8d2       100%        9
 Shatter                  Erth           1%         3d5*      100%        9


Dungeon Overview and Level Annotations

Branches:
Dungeon (3/15)

Altars:


Innate Abilities, Weirdness & Mutations

You cannot wear most types of armour.
You are amphibious.
You can wear up to eight rings at the same time.
Your skin changes colour to match your surroundings (Stealth+).
Your rubbery body absorbs attacks. (AC +1, EV +1)
You are camouflaged when in or above water. (Stealth+)
You have tentacles for arms and can constrict up to eight enemies at once.


Message History

Your foxfire dissipates!
You see here an adder corpse.
You feel sick.
An adder comes into view.
You feel sick.
You are no longer poisoned.
The adder hisses angrily.
The adder completely misses you.
You hit the adder but do no damage. Your grab misses the adder.
Your tentacle-slap misses the adder.
The adder bites you.
You are poisoned.
The adder poisons you!
You are too injured to fight recklessly!
Casting: Foxfire (safe; 5% risk of failure)
Confirm with . or Enter, or press ? or * to list all spells.
You miscast Foxfire.
You are very lightly contaminated with residual magic.
Nothing appears to happen.
You feel sick. The adder bites you.
* * * LOW HITPOINT WARNING * * *
The adder closely misses you.
Casting: Foxfire (safe; 5% risk of failure)
Confirm with . or Enter, or press ? or * to list all spells.
You conjure some foxfire!
You feel sick. The adder bites you.
* * * LOW HITPOINT WARNING * * *
Your foxfire dissipates!
You feel sick.
The foxfire hits the adder.
The adder is lightly wounded.
The adder is engulfed in a cloud of scalding steam.
The adder bites you.
* * * LOW HITPOINT WARNING * * *
You are more poisoned.
The adder poisons you! The adder attacks as you move away!
The adder misses you.
* * * LOW HITPOINT WARNING * * *
You feel sick.
You see here a rat corpse.
Casting: Foxfire (safe; 5% risk of failure)
Confirm with . or Enter, or press ? or * to list all spells.
You conjure some foxfire!
You die...

#.##.# # #.##.#
#.#####.##.#
#........#.###
##...........#
........~....####
....~.~~~~~^....#
###~~#†#v######.#
#~~~~v@S~§# #.#
#########~# #.#
~# #.# ## #.# #.#
#.# #.# ###.#
#...#


You could see an adder (ally target).

Vanquished Creatures
  2 adders
  3 worms
  3 dart slugs (D:1)
  4 orcs (D:3)
  4 endoplasms
  A giant cockroach (D:1)
  3 goblins (D:3)
  2 hobgoblins
  4 jackals (D:1)
  A quokka (D:2)
  5 ball pythons
  3 bats
  3 frilled lizards
  3 kobolds
  4 rats
45 creatures vanquished.

Vanquished Creatures (others)
  130 foxfires
130 creatures vanquished.

Grand Total: 175 creatures vanquished

Notes
Turn   | Place    | Note
-------+----------+-------------------------------------------
     0 | D:1      | valliere the Octopode Fire Elementalist began the quest for
                  | the Orb.
     0 | D:1      | Reached XP level 1. HP: 11/11 MP: 3/3
   294 | D:1      | Reached XP level 2. HP: 17/17 MP: 0/5
   998 | D:1      | Reached XP level 3. HP: 22/22 MP: 3/6
  1724 | D:2      | Reached skill level 1 in Fighting
  2262 | D:3      | Learned a level 2 spell: Scorch
  2498 | D:3      | Reached XP level 4. HP: 28/28 MP: 3/8
  2657 | D:3      | HP: 1/28 [poisoned by an adder]
  2658 | D:3      | Succumbed to an adder's poison

Illustrated notes

Levels and vault maps discovered:
D:1:      scummos_arrival_forest, layout_basic
D:2:      layout_loops_cross
D:3:      layout_loops_ring, lightli_sewer_entry_pipes, minmay_checkerbox

Skill      XL: |  1  2  3 |
---------------+----------+-----
Stealth        | 3 |  3.4
Fighting       | 1 |  1.1
Dodging        | |  2.4
Spellcasting   | |  2.9
Conjurations   | |  1.6
Fire Magic     | |  3.2

Action                   |  1- 3 |  4- 6 || total
-------------------------+-------+-------++-------
Melee: Unarmed           |     7 |       ||     7
       Constrict         |     3 |     1 ||     4
       Tentacles         |     2 |     1 ||     3
       Dagger            |       |     5 ||     5
 Cast: Foxfire           |    74 |     9 ||    83
       Scorch            |     1 |       ||     1
  Use: Scroll            |     3 |       ||     3
Dodge: Dodged            |     3 |     8 ||    11
